 Dungeon Crawl Stone Soup version 0.28-a0-691-gad6df49e81 (webtiles) character file.

Game seed: 16393022387220154680

1305 porpoise the Conjurer (level 8, -4/41 HPs)
             Began as a Deep Elf Conjurer on Oct 23, 2021.
             Was an Initiate of Vehumet.
             Engulfed by a steam dragon's steam (8 damage)
             ... on level 6 of the Dungeon.
             The game lasted 00:19:42 (6752 turns).

porpoise the Conjurer (Deep Elf Conjurer)           Turns: 6752, Time: 00:19:44

Health: -4/41      AC:  2    Str: 11    XL:     8   Next: 31%
Magic:  11/20      EV: 12    Int: 25    God:    Vehumet [......]
Gold:   215        SH:  0    Dex: 13    Spells: 7/21 levels left

rFire   . . .      SeeInvis .   b - +0 hunting sling
rCold   . . .      Faith    .   (no shield)
rNeg    . . .      Spirit   .   d - +0 robe
rPois   +          Reflect  .   (no helmet)
rElec   .          Harm     .   (no cloak)
rCorr   .          Rampage  .   (no gloves)
Will    .....                   (no boots)
Stlth   ++........              (no amulet)
HPRegen 0.13/turn               j - +6 ring of strength
MPRegen 0.17/turn               h - ring of poison resistance

@: no status effects
A: no striking features
a: Renounce Religion


You were on level 6 of the Dungeon.
You worshipped Vehumet.
Vehumet was noncommittal.
You visited 2 branches of the dungeon, and saw 7 of its levels.

You collected 215 gold pieces.

Inventory:

Hand Weapons
 a - a +0 dagger of draining
 b - a +0 hunting sling (weapon)
 m - a +1 dagger of venom
Missiles
 e - 19 poisoned darts
 g - 188 stones (quivered ammo)
Armour
 d - a +0 robe (worn)
 r - a +0 buckler
Jewellery
 f - an amulet of guardian spirit
 h - a ring of poison resistance (right hand)
 j - a +6 ring of strength (left hand)
 w - a ring of protection from cold
Wands
 o - a wand of flame (30)
Scrolls
 i - 2 scrolls of teleportation
 l - a scroll of brand weapon {unknown}
 n - a scroll of enchant weapon {unknown}
 q - a scroll of amnesia
 s - a scroll of noise
 t - a scroll of magic mapping {unknown}
 u - a scroll of fear {unknown}
 v - a scroll of immolation {unknown}
 x - a scroll of blinking {unknown}
Potions
 c - 3 potions of haste
 k - 4 potions of curing
 p - a potion of might {unknown}


   Skills:
 - Level 2.8 Dodging
 - Level 2.7 Stealth
 - Level 7.0 Spellcasting
 - Level 7.0 Conjurations
 + Level 6.9 Hexes
 + Level 4.9 Translocations


You had 7 spell levels left.
You knew the following spells:

 Your Spells              Type           Power      Damage    Failure   Level
a - Magic Dart            Conj           100%       1d8       1%          1
b - Searing Ray           Conj           86%        2d7       1%          2
c - Fulminant Prism       Conj/Hex       21%        3d13      3%          4
d - Iskenderun's Mystic   Conj/Tloc      38%        2d9       6%          4
t - Confusing Touch       Hex            43%        N/A       1%          3

Your spell library contained the following spells:

 Spells                   Type           Power      Damage    Failure   Level
 Slow                     Hex            43%        N/A       1%          2
 Dazzling Flash           Conj/Hex       86%        N/A       1%          3
 Vampiric Draining        Necr           4%         2d6       21%         3


Dungeon Overview and Level Annotations

Branches:
Dungeon (6/15)             Temple (1/1) D:5

Altars:
Cheibriados
Dithmenos
Elyvilon
Fedhas
Hepliaklqana
Nemelex Xobeh
Okawaru
Qazlal
Ru
Sif Muna
Uskayaw
Vehumet
Xom
The Shining One


Message History

A steam dragon comes into view.
The steam dragon hisses angrily.
Casting: Searing Ray (safe; 1% risk of failure)
Confirm with . or Enter, or press ? or * to list all spells.
You can't see any susceptible monsters within range! (Use Z to cast anyway.) Unknown command.
Casting: Searing Ray (safe; 1% risk of failure)
Confirm with . or Enter, or press ? or * to list all spells.
Aiming: Searing Ray (safe; 1% risk of failure)
Press: ? - help, Shift-Dir - straight line, f - steam dragon
Aim: a steam dragon (82% to hit)
The searing ray misses the steam dragon. (Press . to maintain the ray.)
The steam dragon hisses angrily.
The steam dragon breathes steam at you.
The ball of steam hits the steam dragon.
The steam dragon resists.
The ball of steam hits you!!
You are engulfed in a cloud of scalding steam.
* * * LOW HITPOINT WARNING * * *
Unknown command.
The searing ray hits the steam dragon.
The steam dragon is heavily wounded.
The searing ray hits the steam dragon!
The steam dragon is severely wounded.
You finish channelling your searing ray.
The steam dragon breathes steam at you. The ball of steam hits you!
* * * LOW HITPOINT WARNING * * *
Unknown command.
Casting: Searing Ray (safe; 1% risk of failure)
Confirm with . or Enter, or press ? or * to list all spells.
The spell is quite dangerous to cast (6% risk of failure)!
Continue anyway?
You erupt in a blast of force!
The mystic blast hits the fungus.
The fungus begins to die.
The fungus is lightly damaged.
The mystic blast hits the steam dragon!
The steam dragon is almost dead.
The steam dragon is knocked back by the mystic blast.
You are engulfed in a cloud of scalding steam.
You die...

#.......# #.......#
##.......# ##.......#
.........# ###
###......# ##.≈###
P≈###..##########.P.≈P.#
≈..≈#######≈§§..≈≈^...≈#
^..PP.P^......§§@§DD.§D≈
.........≈..§§...≈.§...≈
.≈≈.≈P^.#########≈≈...P.
.######## #PP..≈# ##
#≈^P## ####


You could see 2 steam dragons.

Vanquished Creatures
  Eustachio (D:4)
  2 black bears (D:6)
  2 ogres (D:4)
  A centaur (D:5)
  3 scorpions
  A howler monkey (D:6)
  A crimson imp (D:3)
  2 centaur skeletons (D:5)
  3 jellies (D:5)
  A gnoll shaman (D:5)
  An iguana (D:5)
  An orc wizard (D:4)
  A scorpion zombie (D:5)
  A killer bee zombie (D:5)
  A hound zombie (D:5)
  A hound skeleton (D:5)
  4 gnolls (D:5)
  4 adders
  2 ufetubi
  4 dart slugs
  7 orcs (D:4)
  7 ball pythons
  4 bats
  8 endoplasms
  13 hobgoblins
  6 kobolds
  5 quokkas
  5 frilled lizards
  11 goblins
  A goblin skeleton (D:3)
  A goblin zombie (D:3)
  2 hobgoblin zombies (D:3)
  A kobold skeleton (D:3)
  2 kobold zombies (D:3)
  An orc skeleton (D:3)
  8 rats
119 creatures vanquished.

Vanquished Creatures (others)
  A fulminant prism (D:6)
1 creature vanquished.

Grand Total: 120 creatures vanquished

Notes
Turn   | Place    | Note
-------+----------+-------------------------------------------
     0 | D:1      | porpoise the Deep Elf Conjurer began the quest for the Orb.
     0 | D:1      | Reached XP level 1. HP: 10/10 MP: 6/6
   247 | D:1      | Reached XP level 2. HP: 15/15 MP: 5/8
   276 | D:1      | Learned a level 2 spell: Searing Ray
   420 | D:1      | Reached skill level 5 in Conjurations
   660 | D:1      | Reached XP level 3. HP: 19/19 MP: 6/9
  2321 | D:3      | Reached XP level 4. HP: 24/24 MP: 8/11
  2350 | D:3      | Learned a level 4 spell: Fulminant Prism
  2750 | D:3      | Found a glowing golden altar of the Shining One.
  3212 | D:3      | Found a faded altar of an unknown god.
  3534 | D:4      | Noticed an ogre
  3543 | D:4      | Killed an ogre
  3544 | D:4      | Reached skill level 5 in Spellcasting
  3544 | D:4      | Reached XP level 5. HP: 28/28 MP: 7/14
  3609 | D:4      | Learned a level 4 spell: Iskenderun's Mystic Blast
  3613 | D:4      | Learned a level 3 spell: Confusing Touch
  3629 | D:4      | Noticed Eustachio
  3639 | D:4      | Killed Eustachio
  3640 | D:4      | Reached XP level 6. HP: 32/32 MP: 3/17
  3817 | D:4      | Reached skill level 1 in Hexes
  4205 | D:4      | Reached XP level 7. HP: 36/36 MP: 14/19
  4798 | D:5      | Entered Level 5 of the Dungeon
  4823 | D:5      | Reached skill level 1 in Translocations
  5361 | D:5      | Found a staircase to the Ecumenical Temple.
  5395 | Temple   | Entered the Ecumenical Temple
  5461 | Temple   | Became a worshipper of Vehumet
  5590 | D:5      | Reached skill level 5 in Hexes
  5967 | D:5      | Reached XP level 8. HP: 20/41 MP: 14/20
  6752 | D:6      | Engulfed by a steam dragon's steam

Illustrated notes

Levels and vault maps discovered:
D:1:      psy_arrival_whirlpool, layout_basic, st_stairs_3, minivault_25,
          minmay_misc_feat_secret_circle, minmay_misc_feat_x,
          minmay_pentomino_z4
D:2:      minmay_angry_zag, layout_basic, minmay_misc_feat_doors,
          minmay_misc_feat_five
D:3:      layout_basic, nicolae_tso_besieged_by_evil,
          shapermc_ecumenical_altar_totnotflames
D:4:      layout_basic, uniq_eustachio
D:5:      layout_basic, minmay_temple_entry_wispy
D:6:      kennysheep_steamy, layout_gridville, grunt_ministairs_10,
          uniq_prince_ribbit1
Temple:   cyrus_circular_temple

Skill      XL: |  1  2  3  4  5  6  7  8 |
---------------+-------------------------+-----
Conjurations   | 5 6 7 |  7.0
Spellcasting   | 5 6 7 |  7.0
Hexes          | 3 5 6 |  6.9
Translocations | 3 4 |  4.9
Dodging        | |  2.8
Stealth        | |  2.7

Action                   |  1- 3 |  4- 6 |  7- 9 || total
-------------------------+-------+-------+-------++-------
 Fire: Hunting sling     |     1 |    25 |    33 ||    59
 Cast: Magic Dart        |    85 |    20 |     6 ||   111
       Searing Ray       |     2 |    20 |    29 ||    51
       Iskenderun's Myst |       |       |     1 ||     1
       Fulminant Prism   |       |       |     1 ||     1
  Use: Scroll            |     1 |       |     5 ||     6
       Potion            |       |       |     1 ||     1
Armor: Robe              |     1 |       |     1 ||     2
Dodge: Dodged            |     2 |     2 |    11 ||    15

Table legend: (Time is in decaauts)
 A = Elapsed time spent in this place.
 B = Non-inter-level travel time spent in this place.
 C = Inter-level travel time spent in this place.
 D = Time resting spent in this place.
 E = Time spent auto-exploring this place.
 F = Levels seen in this place.
 G = Mean time per level.
                   A        B        C        D        E       F      G
               +--------+--------+--------+--------+--------+-----+--------+
         Total |   6760 |   6577 |    183 |   2759 |   3122 |   7 |  965.7 |
       Dungeon |   6680 |   6510 |    170 |   2759 |   3072 |   6 | 1113.3 |
        Temple |     79 |     66 |     13 |      0 |     50 |   1 |   79.0 |
               +--------+--------+--------+--------+--------+-----+--------+

Top non-repeatable levels by time:
     D:5: 1538 daAuts
     D:4: 1304 daAuts
     D:2: 1230 daAuts
     D:3: 1216 daAuts
     D:1: 1049 daAuts
     D:6: 341 daAuts
  Temple: 79 daAuts
